 Dungeon Crawl Stone Soup version 0.27-a0-681-g0c81a3c1c3 (webtiles) character file.

Game seed: 4231486591057198848

8047 wakim the Tainter (level 11, -4/59 (61) HPs)
             Began as an Octopode Venom Mage on Mar 19, 2021.
             Was an Initiate of Gozag.
             Slain by an orc warrior
             ... wielding a +0 scimitar
              (18 damage)
             ... on level 1 of the Orcish Mines.
             The game lasted 00:52:33 (16226 turns).

wakim the Tainter (Octopode Venom Mage)            Turns: 16226, Time: 00:52:34

HP:   -4/59 (61)    AC:  5    Str:  8    XL:     11   Next: 24%
MP:   6/18          EV: 18    Int: 26    God:    Gozag
Gold: 2355          SH:  7    Dex: 19    Spells: 6/20 levels left

rFire    + . .     SeeInvis +   a - staff of cold
rCold    + . .     Faith    .   n - +1 buckler
rNeg     . . .     Spirit   .   (helmet restricted)
rPois    .         Reflect  .   (no amulet)
rElec    .         Harm     .   A - ring of see invisible
rCorr    .         Rampage  .   y - +4 ring of protection
Will     .....                  w - +6 ring of intelligence
Stlth    ++++......             F - ring of flight
HPRegen  0.19/turn              G - ring of protection from fire
MPRegen  0.16/turn              h - +6 ring of dexterity
                                (no ring)
                                (no ring)

@: radiating poison, lightly drained
A: almost no armour, amphibious, 8 rings, camouflage 1, gelatinous body 1,
nimble swimmer 1, tentacles
a: Renounce Religion, Evoke Flight, Potion Petition, Call Merchant, Bribe Branch


You were on level 1 of the Orcish Mines.
You worshipped Gozag.
Gozag was most pleased with you.
You visited 3 branches of the dungeon, and saw 12 of its levels.

You collected 2681 gold pieces.
You paid 326 gold pieces to Gozag.

Inventory:

Hand Weapons
 b - a +2 dagger of electrocution
 c - a +1 rapier
Missiles
 g - 4 throwing nets
 l - 7 atropa-tipped darts
 r - 50 poisoned darts
 t - 2 curare-tipped darts
 u - 16 boomerangs
Armour
 n - a +1 buckler (worn)
Magical Staves
 a - a staff of cold (weapon)
Jewellery
 h - a +6 ring of dexterity (on tentacle)
 w - a +6 ring of intelligence (on tentacle)
 y - a +4 ring of protection (right tentacle)
 A - a ring of see invisible (left tentacle)
 F - a ring of flight (on tentacle)
 G - a ring of protection from fire (on tentacle)
Wands
 e - a wand of charming (12)
 i - a wand of iceblast (13)
Scrolls
 d - a scroll of enchant armour
 o - a scroll of acquirement {unknown}
 p - 2 scrolls of enchant weapon
 q - a scroll of brand weapon {unknown}
 E - a scroll of fear
 O - a scroll of silence
 S - a scroll of summoning
 X - a scroll of magic mapping {@r4}
 Y - 4 scrolls of teleportation {@r3}
 Z - 2 scrolls of identify {@r1}
Potions
 f - a potion of magic {unknown}
 j - a potion of mutation {unknown}
 k - a potion of attraction {unknown}
 s - a potion of lignification {unknown}
 v - 3 potions of brilliance {unknown}
 x - 2 potions of degeneration {unknown}
 z - 2 potions of ambrosia {unknown}
 B - a potion of might {unknown}
 D - a potion of berserk rage {unknown}
 I - a potion of invisibility {unknown}
 J - 4 potions of curing {@q1}
 L - 2 potions of flight
 N - 6 potions of heal wounds {@q2}
Miscellaneous
 m - a phantom mirror (inert)


   Skills:
 + Level 6.7 Staves
 + Level 7.9 Dodging
 - Level 5.0 Stealth
 - Level 4.0 Shields
 - Level 5.0 Spellcasting
 - Level 5.0 Transmutations
 - Level 5.0 Fire Magic
 + Level 5.1 Air Magic
 - Level 8.0 Poison Magic
 - Level 5.0 Evocations


You had 6 spell levels left.
You knew the following spells:

 Your Spells              Type           Power      Damage    Failure   Level
a - Sting                 Tmut/Pois      100%       1d8       1%          1
b - Airstrike             Air            16%        N/A       9%          4
g - Ignite Poison         Fire/Tmut/Pois 37%        N/A       1%          3
s - Poisonous Vapours     Pois/Air       80%        N/A       1%          2
w - Olgreb's Toxic Radia  Pois           48%        N/A       2%          4

Your spell library contained the following spells:

 Spells                   Type           Power      Damage    Failure   Level
 Swiftness                Air            33%        N/A       1%          2
 Shock                    Conj/Air       76%        1d7       2%          1
 Mephitic Cloud           Conj/Pois/Air  29%        N/A       3%          3
 Corona                   Hex            6%         N/A       8%          1
 Magic Dart               Conj           24%        1d4       8%          1
 Static Discharge         Conj/Air       19%        N/A       8%          3
 Conjure Flame            Conj/Fire      19%        6-21      9%          3
 Blink                    Tloc           N/A        N/A       12%         2
 Call Imp                 Summ           6%         N/A       12%         2
 Ensorcelled Hibernation  Hex/Ice        18%        N/A       12%         2
 Slow                     Hex            6%         N/A       12%         2
 Confusing Touch          Hex            6%         N/A       22%         3
 Dazzling Flash           Conj/Hex       12%        N/A       22%         3
 Tukima's Dance           Hex            6%         N/A       22%         3
 Lightning Bolt           Conj/Air       9%         1d22      58%         5
 Chain Lightning          Conj/Air       9%         N/A       100%        8
 Lehudib's Crystal Spear  Conj/Erth      3%         10d2      100%        8
 Absolute Zero            Ice            4%         ∞         100%        9
 Fire Storm               Conj/Fire      9%         8d3       100%        9


Dungeon Overview and Level Annotations

Branches:
Dungeon (10/15)            Temple (1/1) D:7             Orc (1/2) D:9
   Lair: D:8-11

Altars:
Ashenzari
Cheibriados
Gozag
Hepliaklqana
Kikubaaqudgha
Makhleb
Qazlal
Sif Muna
Uskayaw
Vehumet
Yredelemnul
Beogh

Shops:
D:5 :(:   D:8 :

Annotations:
D:3 1 runed translucent door


Innate Abilities, Weirdness & Mutations

You cannot wear most types of armour.
You are amphibious.
You can wear up to eight rings at the same time.
Your skin changes colour to match your surroundings (Stealth+).
Your rubbery body absorbs attacks. (AC +1, EV +1)
You are stealthy while swimming. (Stealth+)
You have tentacles for arms and can constrict up to eight enemies at once.


Message History

You suddenly lose the ability to move!
The orc sorcerer gestures at you while chanting.
The bolt of negative energy hits you!
You feel drained.
You can move again.
You begin to radiate toxic energy.
The orc sorcerer casts a spell at you.
Casting: Olgreb's Toxic Radiance (dangerous; 2% risk of failure)
Confirm with . or Enter, or press ? or * to list all spells.
Aiming: Poisonous Vapours (safe; 1% risk of failure)
Press: ? - help, Dir - move target, f - orc sorcerer
Aim: an orc sorcerer, wielding a +0 dagger and wearing a +0 robe (heavily wounded, poisoned) Poisonous vapours surround the orc sorcerer!
Your toxic aura wanes.
The orc sorcerer is engulfed in poison gas.
The orc sorcerer looks even sicker.
The orc sorcerer casts a spell at you. The bolt of negative energy hits you!!
You feel drained.
Ouch! That really hurt!
* * * LOW HITPOINT WARNING * * *
Casting: Poisonous Vapours (safe; 1% risk of failure)
Confirm with . or Enter, or press ? or * to list all spells.
You ignite the poison in your surroundings!
The orc sorcerer seems to burn from within!!
You kill the orc sorcerer!
Training target 5.0 for Fire Magic reached!
Your Fire Magic skill increases to level 5!
Your Air Magic skill increases to level 5!
The orc becomes distracted by the nearby gold, dreaming of imaginary riches.
The orc shouts!
The orc is no longer distracted by gold.
The orc hits you with a +0 hand axe.
* * * LOW HITPOINT WARNING * * *
Casting: Ignite Poison (safe; 1% risk of failure)
Confirm with . or Enter, or press ? or * to list all spells.
You begin to radiate toxic energy.
The orc warrior is poisoned.
The orc is poisoned.
The orc warrior looks even sicker.
The orc looks even sicker.
The orc warrior hits you with a +0 scimitar!!
You die...
Your body crumbles into a pile of gold.

+........## .#.## $ +...#.....#
....# .##''## #....#.#.## ###
...# # ....... #.#.#...##
##.####...#.## .?. ...
#.####...###...#........#
#########.###...##.............#
..........##.........<)).)...###
..#####.....#..................#
.....#........oo@................
....$.......#................#...
............##...##.........>....
...........##...#................
..........####.#.................
......#.### ##..................
#.##.#### ##.#.##.#.#.##.#..
###### ############ ##


You could see an orc warrior (very poisoned) and an orc (very poisoned).

Vanquished Creatures
  Harold (D:8)
  Nergalle (D:10)
  Pikel (D:8)
  An orc sorcerer (Orc:1)
  A komodo dragon (D:10)
  3 trolls
  A wyvern (D:10)
  A basilisk (D:10)
  A steam dragon (D:9)
  A water moccasin (D:9)
  2 wargs (D:9)
  6 orc warriors
  4 sky beasts
  A necrophage (D:8)
  3 ogres
  2 centaurs (D:10)
  4 lemures (D:8)
  2 kobold brigands (D:10)
  5 bullfrogs
  9 killer bees (D:10)
  A jelly (D:9)
  2 howler monkeys
  A centaur zombie (D:10)
  2 quasits
  5 hounds
  3 centaur skeletons
  A gnoll shaman (D:8)
  4 iguanas
  13 orc priests
  Ijyb (D:5)
  Terence (D:2)
  8 orc wizards
  6 worker ants
  2 hound zombies
  2 hound skeletons (D:8)
  2 worker ant zombies
  A howler monkey zombie (D:9)
  16 adders
  7 gnolls
  A shadow imp (D:9)
  3 white imps
  4 ufetubi
  An ooze (D:1)
  An adder skeleton (D:9)
  2 worms
  A dart slug (D:2)
  8 leopard geckos
  78 orcs
  6 bats
  11 giant cockroaches
  10 goblins
  6 hobgoblins
  3 quokkas
  4 frilled lizards
  2 jackal skeletons
  A jackal zombie (D:5)
  21 kobolds
  A quokka skeleton (D:6)
  6 rats
298 creatures vanquished.

Vanquished Creatures (collateral kills)
  An ice beast (D:8)
1 creature vanquished.

Vanquished Creatures (others)
  4 plants (D:5)
4 creatures vanquished.

Grand Total: 303 creatures vanquished

Notes
Turn   | Place    | Note
-------+----------+-------------------------------------------
     0 | D:1      | wakim the Octopode Venom Mage began the quest for the Orb.
     0 | D:1      | Reached XP level 1. HP: 11/11 MP: 3/3
   145 | D:1      | Reached skill level 4 in Poison Magic
   215 | D:1      | Reached XP level 2. HP: 17/17 MP: 1/5
   341 | D:1      | Learned a level 2 spell: Poisonous Vapours
  1179 | D:2      | Reached XP level 3. HP: 21/21 MP: 3/6
  1448 | D:2      | Reached skill level 5 in Poison Magic
  1590 | D:2      | Reached skill level 1 in Air Magic
  1594 | D:2      | Noticed Terence
  1665 | D:2      | Killed Terence
  1666 | D:2      | Reached XP level 4. HP: 27/27 MP: 0/7
  1671 | D:2      | Learned a level 4 spell: Olgreb's Toxic Radiance
  2038 | D:2      | Found an opulent altar of Gozag.
  2059 | D:2      | Became a worshipper of Gozag Ym Sagoz the Greedy
  2334 | D:2      | Reached XP level 5. HP: 31/31 MP: 3/8
  2523 | D:3      | Reached skill level 6 in Poison Magic
  3104 | D:3      | Found an ancient bone altar of Kikubaaqudgha.
  3419 | D:3      | Found a runed translucent door.
  3419 | D:3      | Noticed a human
  3423 | D:3      | Found a basalt altar of Yredelemnul.
  3865 | D:4      | Reached XP level 6. HP: 36/36 MP: 4/9
  4115 | D:4      | Reached skill level 5 in Stealth
  4161 | D:4      | Reached skill level 7 in Poison Magic
  4597 | D:4      | Reached XP level 7. HP: 32/41 MP: 11/11
  4803 | D:4      | Found a basalt altar of Yredelemnul.
  5056 | D:5      | Entered Level 5 of the Dungeon
  5056 | D:5      | Found Diystryg's Book Boutique.
  5440 | D:5      | Reached skill level 8 in Poison Magic
  5653 | D:5      | Noticed Ijyb
  5664 | D:5      | Killed Ijyb
  5669 | D:5      | Learned a level 3 spell: Ignite Poison
  6035 | D:5      | Reached skill level 1 in Staves
  6208 | D:5      | Reached skill level 1 in Fire Magic
  6208 | D:5      | Reached XP level 8. HP: 28/46 MP: 8/14
  6374 | D:5      | Found a shimmering blue altar of Sif Muna.
  6413 | D:5      | Found Jomuxuuwk's Antique Weapon Boutique.
  6414 | D:5      | Found Numehif's Book Shop.
  7587 | D:6      | Found a stormy altar of Qazlal.
  7587 | D:6      | Found a snail-covered altar of Cheibriados.
  8469 | D:7      | Reached skill level 5 in Dodging
  8666 | D:7      | Found a staircase to the Ecumenical Temple.
  8678 | Temple   | Entered the Ecumenical Temple
  8988 | D:8      | Reached skill level 1 in Evocations
  9040 | D:7      | Reached XP level 9. HP: 47/51 MP: 0/15
  9282 | D:8      | Noticed Harold
  9316 | D:8      | Killed Harold
  9554 | D:8      | Reached skill level 5 in Evocations
 10125 | D:8      | Reached skill level 1 in Shields
 10256 | D:8      | Noticed Pikel
 10407 | D:8      | Found Jeogat's Book Shoppe.
 10825 | D:8      | Found a burning altar of Makhleb.
 11133 | D:8      | Killed Pikel
 11134 | D:8      | Reached skill level 5 in Staves
 11134 | D:8      | Reached XP level 10. HP: 56/56 MP: 6/16
 11661 | D:9      | Found a basalt altar of Yredelemnul.
 11748 | D:9      | Found a radiant altar of Vehumet.
 11881 | D:9      | Learned a level 4 spell: Airstrike
 12054 | D:9      | Found a staircase to the Orcish Mines.
 13581 | D:10     | Entered Level 10 of the Dungeon
 14278 | D:10     | Noticed Nergalle
 14286 | D:10     | Killed Nergalle
 14287 | D:10     | Reached skill level 5 in Spellcasting
 14412 | D:10     | Reached skill level 5 in Transmutations
 14581 | D:10     | Found an opulent altar of Gozag.
 14836 | D:10     | Reached XP level 11. HP: 55/61 MP: 12/18
 15976 | Orc:1    | Entered Level 1 of the Orcish Mines
 16186 | Orc:1    | Noticed an orc sorcerer
 16204 | Orc:1    | Paralysed by an orc sorcerer for 4 turns
 16210 | Orc:1    | Killed an orc sorcerer
 16211 | Orc:1    | Reached skill level 5 in Fire Magic
 16211 | Orc:1    | Reached skill level 5 in Air Magic
 16226 | Orc:1    | Slain by an orc warrior

Illustrated notes

Levels and vault maps discovered:
D:1:      eino_arrival_cavern_e, layout_basic, kennysheep_minor_cross,
          minmay_cut_off
D:2:      layout_basic, grunt_gozag_statues, uniq_terence
D:3:      layout_loops_cross, nicolae_kikubaaqudgha_miasma_corner,
          dk_yredelemnul_ordeal
D:4:      layout_cave_pools, lemuel_doored_altar
D:5:      layout_rooms, lemuel_coloured_pillars_altar, serial_shops, shop, shop,
          nicolae_shop_overgrown_old_shop, uniq_ijyb
D:6:      layout_basic, gammafunk_temple_overflow_wave
D:7:      layout_loops_ring, minmay_temple_entry_drinking_statues,
          minmay_fountain_box
D:8:      layout_layer_cave, makhleb_blood_cavern_becter, serial_shops,
          kennysheep_little_box, uniq_harold, uniq_pikel
D:9:      layout_basic, erik_orc_3, special_room [special_room_orc],
          basic_altar, lemuel_tele_altar
D:10:     layout_long_grid, erik_lair_dragon, basic_altar, minivault_27,
          uniq_nergalle
Temple:   compressed_dpeg_circular_temple
Orc:1:    layout_caves, nicolae_orc_sculptors_studio, guppyfry_library_mini

Skill      XL: |  1  2  3  4  5  6  7  8  9 10 11 |
---------------+----------------------------------+-----
Poison Magic   | 4 5 6 7 8 |  8.0
Stealth        | 3 4 5 |  5.0
Air Magic      | 1 2 4 5 |  5.1
Spellcasting   | 4 5 |  5.0
Staves         | 1 3 5 6 |  6.7
Fire Magic     | 1 2 4 5 |  5.0
Dodging        | 5 6 7 |  7.9
Transmutations | 3 5 |  5.0
Evocations     | 1 5 |  5.0
Shields        | 2 4 |  4.0

Action                   |  1- 3 |  4- 6 |  7- 9 | 10-12 || total
-------------------------+-------+-------+-------+-------++-------
Melee: Rapier            |    12 |    15 |     2 |       ||    29
       Tentacles         |     2 |     1 |    15 |    18 ||    36
       Constrict         |       |     7 |    18 |    11 ||    36
       Staff             |       |     5 |    63 |    22 ||    90
       Dagger            |       |       |    29 |    69 ||    98
 Cast: Sting             |    12 |     7 |    15 |    11 ||    45
       Poisonous Vapours |    27 |    59 |    69 |    68 ||   223
       Olgreb's Toxic Ra |       |     1 |    23 |    22 ||    46
       Ignite Poison     |       |       |    18 |    25 ||    43
Invok: Potion Petition   |       |     1 |       |       ||     1
Evoke: Phantom mirror    |       |       |       |     1 ||     1
  Use: Scroll            |       |       |    16 |     1 ||    17
       Potion            |       |       |     1 |       ||     1
 Stab: Invisible         |       |     1 |       |       ||     1
       Sleeping          |       |       |     2 |     3 ||     5
Armor: Skin              |     5 |     4 |    34 |    11 ||    54
Dodge: Dodged            |    14 |    27 |    86 |    79 ||   206
Block: Buckler           |       |       |     5 |    32 ||    37

Table legend: (Time is in decaauts)
 A = Elapsed time spent in this place.
 B = Non-inter-level travel time spent in this place.
 C = Inter-level travel time spent in this place.
 D = Time resting spent in this place.
 E = Time spent auto-exploring this place.
 F = Levels seen in this place.
 G = Mean time per level.
                   A        B        C        D        E       F      G
               +--------+--------+--------+--------+--------+-----+--------+
         Total |  16242 |  15830 |    412 |    164 |  12992 |  12 | 1353.5 |
       Dungeon |  15990 |  15578 |    412 |    164 |  12797 |  10 | 1599.0 |
        Temple |      1 |      1 |      0 |      0 |      0 |   1 |    1.0 |
  Orcish Mines |    249 |    249 |      0 |      0 |    195 |   1 |  249.0 |
               +--------+--------+--------+--------+--------+-----+--------+

Top non-repeatable levels by time:
     D:9: 2403 daAuts
    D:10: 2144 daAuts
     D:8: 2135 daAuts
     D:4: 1623 daAuts
     D:7: 1433 daAuts
     D:2: 1422 daAuts
     D:5: 1325 daAuts
     D:3: 1265 daAuts
     D:1: 1178 daAuts
     D:6: 1057 daAuts
   Orc:1: 249 daAuts
  Temple: 1 daAuts
